 Dungeon Crawl Stone Soup version 0.17-a0-1481-gfdcec5c (webtiles) character file.

18464 hexophile the Destroyer (level 12, -4/92 HPs)
             Began as a Naga Wizard on July 4, 2015.
             Was the Champion of Cheibriados.
             Slain by a spatial maelstrom (16 damage)
             ... on level 1 of the Abyss.
             The game lasted 01:58:00 (22650 turns).

hexophile the Destroyer (Naga Wizard)              Turns: 22650, Time: 01:58:01

Health: -4/92      AC:  7    Str: 26    XL:     12   Next: 58%
Magic:  12/26      EV: 13    Int: 35    God:    Cheibriados [******]
Gold:   280        SH:  0    Dex: 23    Spells: 9 memorised, 5 levels left

rFire  . . .     SeeInvis +     z - +5 trident "Wuatsew" {holy, Str+2}
rCold  + . .     Rnd*Rage +     L - +0 leather armour {MR+}
rNeg   . . .     SustAt   .     (no shield)
rPois  +         Gourm    .     b - +1 hat
rElec  .         Spirit   .     (no cloak)
rCorr  .         Warding  .     R - +0 pair of gloves
rMut   .         Stasis   .     (no barding)
MR     ++...                    (no amulet)
Stlth  +++++.....               J - ring of stealth
                                l - ring of protection from cold

@: very slightly contaminated, repel missiles, very slow, very resistant to
hostile enchantments, quite stealthy
A: see invisible, berserk 1, clumsy 1, deformed body, dopey 2, frail 1, poison
resistance, screaming 3, slowness 2, slow metabolism 1, spit poison 2,
MP-powered wands, AC +4
a: Spit Poison, Bend Time, Temporal Distortion, Slouch, Step From Time, Renounce
Religion


You were on level 1 of the Abyss.
You worshipped Cheibriados.
Cheibriados was exalted by your worship.
You were not hungry.

You visited 3 branches of the dungeon, and saw 13 of its levels.
You visited the Abyss 1 time.

You collected 910 gold pieces.
You spent 630 gold pieces at shops.

Inventory:

Hand weapons
 i - a +0 hand crossbow of velocity
 j - a +3 dagger of flaming
 u - a +0 blowgun
 z - the +5 trident "Wuatsew" (weapon) {holy, Str+2}
   (You found it on level 5 of the Dungeon)

   It has been blessed by the Shining One to cause great damage to the undead
   and demons.
   It affects your strength (+2).
 D - a +2 shortbow of flaming
 K - a +2 short sword of freezing
 M - a +0 hunting sling
 V - a +0 falchion of electrocution
Missiles
 o - 421 stones (quivered)
 p - 5 needles of slowing
 s - 81 bolts
 t - 321 arrows
 B - 4 curare-tipped needles
 C - 52 poisoned needles
Armour
 b - a +1 hat (worn)
 L - a +0 leather armour of magic resistance (worn)
 R - a +0 pair of gloves (worn)
Magical staves
 y - an uncursed staff of air
Jewellery
 l - a ring of protection from cold (left hand)
 J - a ring of stealth (right hand)
Magical devices
 e - a wand of slowing (27)
 m - a wand of slowing (35)
 A - a wand of paralysis (14)
 I - a wand of fireball (4)
 T - a wand of teleportation (2)
Scrolls
 f - 3 scrolls of enchant weapon
 h - a scroll of teleportation
 k - 3 scrolls of amnesia
 q - 4 scrolls of remove curse
 v - 2 scrolls of recharging
 w - a scroll of immolation
 x - 2 scrolls of silence
 F - a scroll of enchant armour
 P - 2 scrolls of fog
 W - a scroll of identify
Potions
 r - a potion of brilliance
 E - a potion of invisibility
 G - a potion of lignification {unknown}
 H - a potion of flight
 Q - a potion of cancellation
 U - a potion of might {unknown}
Books
 a - a book of the Dragon

   Spells                             Type                      Level
   a - Flame Tongue                   Conjuration/Fire             1
   b - Cause Fear                     Hexes                        4
   c - Bolt of Fire                   Conjuration/Fire             6
   d - Dragon Form                    Transmutation                7
   e - Dragon's Call                  Summoning                    9
 c - a book of Minor Magic

   Spells                             Type                      Level
   a - Magic Dart                     Conjuration                  1
   b - Blink                          Translocation                2
   c - Call Imp                       Summoning                    2
   d - Repel Missiles                 Charms/Air                   2
   e - Slow                           Hexes                        2
   f - Conjure Flame                  Conjuration/Fire             3
   g - Mephitic Cloud                 Conjuration/Poison/Air       3
 N - a book of Power

   Spells                             Type                      Level
   a - Fulminant Prism                Conjuration/Hexes            4
   b - Iskenderun's Mystic Blast      Conjuration                  4
   c - Venom Bolt                     Conjuration/Poison           5
   d - Bolt of Magma                  Conjuration/Fire/Earth       5
   e - Iron Shot                      Conjuration/Earth            6
   f - Orb of Destruction             Conjuration                  7
   g - Spellforged Servitor           Conjuration/Summoning        7
 O - a book of the Warp

   Spells                             Type                      Level
   a - Recall                         Summoning/Translocation      3
   b - Gell's Gravitas                Hexes/Translocation          3
   c - Force Lance                    Conjuration/Translocation    4
   d - Phase Shift                    Translocation                5
   e - Warp Weapon                    Charms/Translocation         5
   f - Summon Forest                  Summoning/Translocation      5
 S - a book of Spatial Translocations

   Spells                             Type                      Level
   a - Apportation                    Translocation                1
   b - Blink                          Translocation                2
   c - Shroud of Golubria             Charms/Translocation         2
   d - Portal Projectile              Translocation                3
   e - Teleport Other                 Translocation                3
   f - Passage of Golubria            Translocation                4
Comestibles
 d - 9 bread rations
 n - 7 meat rations


   Skills:
 * Level 5.0 Fighting
 - Level 4.3 Dodging
 - Level 5.5 Stealth
 * Level 10.4 Spellcasting
 * Level 10.7 Conjurations
 - Level 4.3 Hexes
   Level 1.0 Summonings
 - Level 1.0 Translocations
 - Level 6.6 Fire Magic
 - Level 4.0 Air Magic
 * Level 7.3 Invocations


You had 5 spell levels left.
You knew the following spells:

 Your Spells              Type           Power        Failure   Level  Hunger
a - Magic Dart            Conj           ####         1%          1    None
b - Blink                 Tloc           N/A          2%          2    None
c - Conjure Flame         Conj/Fire      ######..     1%          3    None
d - Mephitic Cloud        Conj/Pois/Air  ######..     1%          3    None
e - Repel Missiles        Chrm/Air       ####..       1%          2    None
f - Cause Fear            Hex            #####.....   6%          4    None
g - Fulminant Prism       Conj/Hex       ######....   1%          4    None
h - Bolt of Fire          Conj/Fire      ######....   14%         6    ####...
Z - Apportation           Tloc           ####......   1%          1    None


Dungeon Overview and Level Annotations

Branches:
Dungeon (11/15)            Temple (1/1) D:5            Lair (1/8) D:11
    Orc (0/4) D:11

Altars:
Ashenzari
Cheibriados
Dithmenos
Elyvilon
Fedhas
Gozag
Kikubaaqudgha
Makhleb
Nemelex Xobeh
Okawaru
Qazlal
Ru
Sif Muna
Trog
Vehumet
Xom
Yredelemnul
Zin
The Shining One

Shops:
D:10 :

Portals:
Trove: D:10 (give 6 scrolls of blinking)

Annotations:
D:4 Ice ebast... and my onw ghost. Curse on me!, exclusion: ice beast
D:7 Dziwki i hungry ghost
D:9 Wyvern zombie & ice beast
D:11 Hill Giants. Lots of., Sonja


Innate Abilities, Weirdness & Mutations

You cannot wear boots.
Your serpentine skin is tough (AC +4).
You have supernaturally acute eyesight.
Armour fits poorly on your strangely shaped body.
Your system is resistant to poisons.
You cover ground very slowly.
You have a slow metabolism.
You can spit poison.
[You tend to lose your temper in combat.]
[You are clumsy. (Dex -2)]
[You are very dopey. (Int -4)]
[You are frail (-10% HP).]
[You frequently scream uncontrollably at your foes.]
[You expend magic power (3 MP) to strengthen your wands.]


Message History

Aiming: Conjure Flame
Press: ? - help, Dir - move target cursor The fire roars!
The large abomination is engulfed in roaring flames.
Casting: Conjure Flame
Confirm with . or Enter, or press ? or * to list all spells.
Aiming: Conjure Flame
Press: ? - help, Dir - move target cursor The fire roars!
The spatial maelstrom is engulfed in roaring flames.
An ancient lich comes into view.
The ancient lich casts a spell.
The ancient lich flickers and vanishes for a moment.
Use which ability? (? or * to list)
You fail to use your ability.
The spatial maelstrom is engulfed in roaring flames.
The spatial maelstrom hits you.
* * * LOW HITPOINT WARNING * * *
Space warps horribly around you!
You die...

#..#..#......
#..#.....#..#
#..####...#.#.
## ##.#..#
#..#..## ##
#.ยง..#
..###.X#.# .
.#v#.#
.#.#@.## #
##L#..##
###.## # # .#
.# #. . .


You could see an ancient lich (invisible), a spatial maelstrom and a large
abomination.

Vanquished Creatures
  An eidolon (Abyss:1)
  Harold (D:11)
  A shadow wraith (Abyss:1)
  An unseen horror (D:11)
  5 hill giants
  A worldbinder (Abyss:1)
  A manticore (D:10)
  The ghost of amnekian the Nimble, an experienced OpTm of Cheibriados (D:6)
  Psyche (D:11)
  A fire drake (Lair:1)
  A two-headed ogre (D:10)
  Grinder (D:4)
  4 trolls (D:10)
  A deep elf mage (D:11)
  3 wyverns
  A wraith (Abyss:1)
  13 yaks
  A hippogriff (D:11)
  A spriggan (D:7)
  3 hungry ghosts
  3 wargs
  2 spatial vortices (Abyss:1)
  A soldier ant (D:10)
  A water moccasin (Lair:1)
  Duvessa (D:7)
  3 orc warriors
  An eye of draining (D:11)
  2 porcupines (Lair:1)
  A phantom (D:7)
  A spiny frog skeleton (Abyss:1)
  7 ogres
  2 ice beasts
  2 large abominations (Abyss:1)
  A necrophage (D:10)
  The ghost of hexophile the Magician, an average NaWz (D:4)
  3 sky beasts
  A wasp (D:10)
  2 crocodiles
  11 centaurs
  2 big kobolds (D:9)
  Dowan (D:7)
  A wyvern zombie (D:9)
  9 giant frogs
  A snapping turtle simulacrum (Abyss:1)
  2 scorpions
  6 crimson imps
  3 centaur zombies
  3 giant frog zombies
  A gnoll shaman (D:8)
  5 hounds
  A jelly (D:7)
  A quasit (D:10)
  Ijyb (D:3)
  4 iguanas
  An iron imp (Abyss:1)
  4 orc priests
  13 orc wizards
  10 worker ants
  2 hound skeletons
  14 gnolls
  2 worker ant zombies (D:10)
  17 adders
  9 river rats (Lair:1)
  12 white imps (D:11)
  A shadow imp (D:7)
  An adder skeleton (D:8)
  An adder zombie (D:5)
  2 worms
  3 giant geckos
  50 orcs
  2 ball pythons (D:2)
  12 bats
  A bat skeleton (D:8)
  12 giant cockroaches
  12 goblins
  14 hobgoblins
  10 jackals
  A giant gecko skeleton (D:7)
  A giant gecko zombie (D:5)
  7 giant newts
  35 kobolds
  4 quokkas
  A quokka skeleton (D:4)
  16 rats
  A fulminant prism (D:10)
401 creatures vanquished.

Vanquished Creatures (others)
  A quokka (D:11)
  90 fulminant prisms
  2 starspawn tentacles (Abyss:1)
93 creatures vanquished.

Grand Total: 494 creatures vanquished

Notes
Turn   | Place    | Note
--------------------------------------------------------------
     0 | D:1      | hexophile the Naga Wizard began the quest for the Orb.
     0 | D:1      | Reached XP level 1. HP: 15/15 MP: 4/4
   148 | D:1      | Reached XP level 2. HP: 20/22 MP: 3/6
  1028 | D:1      | Reached XP level 3. HP: 21/28 MP: 1/7
  1797 | D:2      | Reached XP level 4. HP: 27/36 MP: 1/9
  1864 | D:2      | Learned a level 2 spell: Blink
  1868 | D:2      | Learned a level 3 spell: Conjure Flame
  1872 | D:2      | Learned a level 3 spell: Mephitic Cloud
  3260 | D:3      | Reached XP level 5. HP: 38/42 MP: 4/10
  3438 | D:3      | Noticed Ijyb
  3450 | D:3      | Killed Ijyb
  3450 | D:3      | Reached skill level 4 in Spellcasting
  3835 | D:3      | Found an ancient bone altar of Kikubaaqudgha.
  3945 | D:3      | Reached skill level 1 in Air Magic
  3987 | D:3      | Reached XP level 6. HP: 19/49 MP: 5/12
  4314 | D:3      | Found a shadowy altar of Dithmenos.
  4790 | D:4      | Noticed Grinder
  4798 | D:4      | Paralysed by Grinder for 6 turns
  4804 | D:4      | Killed Grinder
  4804 | D:4      | Reached XP level 7. HP: 43/55 MP: 9/14
  4834 | D:4      | Found a stormy altar of Qazlal.
  5002 | D:4      | Found a glowing silver altar of Zin.
  5127 | D:4      | Learned a level 2 spell: Repel Missiles
  5269 | D:5      | Entered Level 5 of the Dungeon
  5855 | D:4      | Reached skill level 5 in Spellcasting
  6038 | D:4      | Noticed hexophile's ghost (average NaWz)
  6309 | D:5      | Got a polished trident
  6320 | D:5      | Identified the +5 trident "Wuatsew" {holy, Str+2} (You found it on level 5 of the Dungeon)
  6350 | D:5      | Reached skill level 1 in Fire Magic
  6416 | D:5      | Found a staircase to the Ecumenical Temple.
  6427 | Temple   | Entered the Ecumenical Temple
  6492 | Temple   | Became a worshipper of Cheibriados the Contemplative
  7257 | D:5      | Found a glowing golden altar of the Shining One.
  7359 | D:6      | Noticed amnekian's ghost (experienced OpTm)
  7653 | D:6      | Killed amnekian's ghost
  7653 | D:6      | Reached skill level 5 in Conjurations
  7653 | D:6      | Reached XP level 8. HP: 48/62 MP: 9/16
  7727 | D:6      | Acquired Cheibriados's first power
  8286 | D:4      | Killed hexophile's ghost
  8496 | D:6      | Reached skill level 6 in Spellcasting
  9050 | D:7      | Found a snail-covered altar of Cheibriados.
  9092 | D:7      | Reached XP level 9. HP: 66/68 MP: 18/18
  9098 | D:7      | Learned a level 4 spell: Cause Fear
  9252 | D:7      | Reached skill level 1 in Invocations
  9531 | D:7      | Found a bloodstained altar of Trog.
  9582 | D:7      | Reached skill level 1 in Hexes
  9963 | D:7      | Noticed Duvessa
  9966 | D:7      | Noticed Dowan
 10717 | D:8      | Acquired Cheibriados's second power
 11005 | D:8      | Reached skill level 7 in Conjurations
 11038 | D:8      | Found a sparkling altar of Nemelex Xobeh.
 11074 | D:8      | Found a deep blue altar of Sif Muna.
 11587 | D:9      | Acquired Cheibriados's third power
 12013 | D:9      | Reached XP level 10. HP: 52/75 MP: 16/20
 12891 | D:10     | Entered Level 10 of the Dungeon
 12913 | D:10     | Acquired Cheibriados's fourth power
 13051 | D:10     | Found Agoyll's Book Boutique.
 13130 | D:10     | Reached skill level 8 in Conjurations
 13611 | D:10     | Reached skill level 5 in Invocations
 14081 | D:10     | Found a portal to a secret trove of treasure.
 14621 | D:10     | Noticed a hill giant
 14701 | D:10     | Reached skill level 5 in Stealth
 14844 | D:10     | Killed a hill giant
 14985 | D:10     | Bought a book of Power for 630 gold pieces
 14990 | D:10     | Learned a level 4 spell: Fulminant Prism
 14997 | D:10     | Learned a level 6 spell: Bolt of Fire
 15085 | D:9      | Reached XP level 11. HP: 81/81 MP: 17/23
 15182 | D:10     | Reached skill level 9 in Conjurations
 16076 | D:11     | Noticed a hill giant
 16078 | D:11     | Noticed a hill giant
 16863 | D:6      | Learned a level 1 spell: Apportation
 16920 | D:7      | Reached skill level 1 in Fighting
 16957 | D:7      | Killed Duvessa
 16966 | D:7      | Killed Dowan
 17535 | D:10     | Killed a hill giant
 17954 | D:11     | Noticed Harold
 18289 | D:11     | Noticed a hill giant
 18292 | D:11     | Noticed Psyche
 18293 | D:11     | Killed a hill giant
 18297 | D:11     | Reached skill level 5 in Fire Magic
 18844 | D:11     | Killed a hill giant
 19040 | D:11     | Killed Psyche
 19390 | D:11     | Noticed an unseen horror
 19727 | D:10     | Reached skill level 10 in Conjurations
 19732 | D:10     | Reached XP level 12. HP: 26/97 MP: 2/25
 19968 | D:11     | Killed an unseen horror
 20120 | D:11     | Killed Harold
 20120 | D:11     | Reached skill level 10 in Spellcasting
 20225 | D:11     | Found a staircase to the Lair.
 20525 | D:10     | Noticed a hill giant
 20542 | D:10     | Killed a hill giant
 20719 | Lair:1   | Entered Level 1 of the Lair of Beasts
 21287 | D:11     | Found a staircase to the Orcish Mines.
 21332 | D:11     | Noticed Sonja
 21333 | D:11     | Cast into the Abyss (Sonja)
 21563 | Abyss:1  | Noticed a revenant
 21832 | Abyss:1  | Found a corrupted altar of Lugonu.
 21907 | Abyss:1  | Noticed a starcursed mass
 22042 | Abyss:1  | Noticed an ophan
 22245 | Abyss:1  | Found a corrupted altar of Lugonu.
 22331 | Abyss:1  | Noticed a tentacled starspawn
 22407 | Abyss:1  | Noticed a starcursed mass
 22417 | Abyss:1  | Paralysed by accursed screaming for 1 turns
 22579 | Abyss:1  | Noticed an eidolon
 22582 | Abyss:1  | Killed an eidolon
 22582 | Abyss:1  | Reached skill level 5 in Fighting
 22650 | Abyss:1  | Noticed an ancient lich
 22650 | Abyss:1  | Slain by a spatial maelstrom

Vault maps used:
D:1:      minmay_arrival_five_plusses
D:2:      wad_crossroads
D:3:      lemuel_crystal_altar, lemuel_coloured_pillars_altar, uniq_iyjb
D:4:      kennysheep_mini, kennysheep_little_box, uniq_grinder
D:5:      lemuel_round_altar, minmay_temple_entry_hall, first_bread,
          small_statue_intersection
D:7:      lemuel_crystal_altar, wad_floor_pattern_untrapped, the_bakery,
          cheibriados_altar_wand_db, uniq_duvessa
D:8:      led_sif_book, overflow_temple_1_default
D:9:      statue_in_the_mist_lemuel
D:10:     serial_shops, shop_coins, enter_trove_6, corexii_hall_statues_s
D:11:     erik_lair_orcish_takeover, orc_0_dummy, portal_ice_cave_entry_imps,
          uniq_harold, uniq_psyche, uniq_sonja
Temple:   triangle_lava_temple_11
Lair:1:   beast_lair_carwin_11

Action                   |  1- 3 |  4- 6 |  7- 9 | 10-12 || total
-------------------------+-------+-------+-------+-------++-------
Melee: Dagger            |    28 |    83 |    68 |       ||   179
       Trident           |       |       |   289 |   347 ||   636
Throw: Stone             |       |     3 |       |       ||     3
 Cast: Magic Dart        |    45 |    71 |    46 |    66 ||   228
       Mephitic Cloud    |       |     2 |    24 |    49 ||    75
       Conjure Flame     |       |     4 |    16 |    50 ||    70
       Repel Missiles    |       |       |     4 |     3 ||     7
       Blink             |       |       |     5 |    19 ||    24
       Cause Fear        |       |       |       |    10 ||    10
       Fulminant Prism   |       |       |       |    91 ||    91
       Bolt of Fire      |       |       |       |    16 ||    16
       Apportation       |       |       |       |     3 ||     3
Invok: Bend Time         |       |       |       |     1 ||     1
       Slouch            |       |       |       |     4 ||     4
 Abil: Spit Poison       |       |     7 |     7 |    22 ||    36
Evoke: Wand              |       |       |       |     7 ||     7
  Use: Scroll            |       |    10 |     9 |    11 ||    30
       Potion            |       |       |     6 |     2 ||     8
 Stab: Sleeping          |     3 |     2 |    10 |     3 ||    18
       Invisible         |       |       |     2 |       ||     2
       Confused          |       |       |    10 |    22 ||    32
       Distracted        |       |       |       |     4 ||     4
  Eat: Chunk             |     1 |     8 |    10 |     8 ||    27
       Pizza             |       |       |     2 |       ||     2
       Beef jerky        |       |       |     1 |     1 ||     2
       Meat ration       |       |       |     1 |     2 ||     3
       Bread ration      |       |       |       |     1 ||     1
